 Dungeon Crawl Stone Soup version 0.27-a0-965-gbf8bb431c4 (webtiles) character file.

Game seed: 4917655309888084528

6144 robertstho the Thaumaturge (level 10, -7/64 HPs)
             Began as a Djinni Fire Elementalist on Apr 12, 2021.
             Was a Believer of Makhleb.
             Shot with an arrow by a centaur warrior (22 damage)
             ... on level 8 of the Dungeon.
             The game lasted 00:17:57 (11108 turns).

robertstho the Thaumaturge (DjFE)                  Turns: 11108, Time: 00:17:58

Health: -7/64      AC:  8    Str: 13    XL:     10   Next: 90%
Gold:   141        EV: 15    Int: 19    God:    Makhleb [**....] SH:  5 Dex: 15

rFire    + + .     SeeInvis +   b - +1 halberd (venom)
rCold    x . .     Faith    .   (shield currently unavailable)
rNeg     . . .     Spirit   .   z - +0 steam dragon scales
rPois    ∞         Reflect  +   (no helmet)
rElec    .         Harm     .   r - +2 cloak {Stlth+}
rCorr    .         Rampage  .   (no gloves)
Will     +....                  (boots unavailable)
Stlth    ++++......             d - amulet of reflection
HPRegen  0.20/turn              l - ring of see invisible
MPRegen  0.00/turn              x - +6 ring of strength

@: flying
A: fire resistance 2, cold vulnerability 1, float, innate caster, hp casting,
extra vitality 1
a: Renounce Religion, Minor Destruction


You were on level 8 of the Dungeon.
You worshipped Makhleb.
Makhleb was pleased with you.
You visited 2 branches of the dungeon, and saw 9 of its levels.
You also visited: Sewer.

You collected 261 gold pieces.
You spent 120 gold pieces at shops.

Inventory:

Hand Weapons
 b - a +1 halberd of venom (weapon)
 u - a +0 whip of flaming
 B - a +1 short sword of venom
Missiles
 w - 2 throwing nets
Armour
 r - a +2 cloak of stealth (worn)
 z - +0 steam dragon scales (worn)
Jewellery
 d - an amulet of reflection (around neck)
 l - a ring of see invisible (left hand)
 x - a +6 ring of strength (right hand)
 y - a ring of ice
 A - a ring of resist corrosion
Wands
 f - a wand of paralysis (7)
 o - a wand of polymorph (7)
Scrolls
 a - a scroll of fog {unknown}
 e - a scroll of enchant weapon
 j - 3 scrolls of magic mapping
 m - 6 scrolls of enchant armour
 q - a scroll of holy word {unknown}
 t - a scroll of brand weapon {unknown}
 v - 3 scrolls of immolation
 C - a scroll of identify
Potions
 g - a potion of invisibility {unknown}
 h - a potion of lignification {unknown}
 i - a potion of attraction {unknown}
 k - 3 potions of ambrosia {unknown}
 n - 2 potions of curing
 s - 2 potions of might {unknown}


   Skills:
 + Level 2.1 Fighting
 + Level 0.2 Polearms
 + Level 6.7 Dodging
 + Level 6.4 Stealth
 + Level 1.5 Shields
 + Level 11.1 Spellcasting


You had 7 spell levels left.
You knew the following spells:

 Your Spells              Type           Power      Damage    Failure   Level
a - Foxfire               Conj/Fire      100%       2x1d9     1%          1
b - Conjure Flame         Conj/Fire      52%        6-21      1%          3
c - Inner Flame           Hex/Fire       52%        N/A       1%          3
d - Sticky Flame          Conj/Fire      52%        2d7       1%          4
e - Fireball              Conj/Fire      26%        3d12      1%          5
f - Beastly Appendage     Tmut           100%       N/A       1%          1
g - Blink                 Tloc           N/A        N/A       1%          2
h - Wereblood             Tmut           52%        N/A       1%          2
i - Spider Form           Tmut/Pois      26%        N/A       1%          3
Your spell library was empty.

Dungeon Overview and Level Annotations

Branches:
Dungeon (8/15)             Temple (1/1) D:5            Lair (0/6) D:8
  Sewer (visited)

Altars:
Dithmenos
Gozag
Makhleb
Okawaru
Ru
Sif Muna
Trog
Vehumet
Wu Jian
Xom
Yredelemnul
Zin
The Shining One

Shops:
D:4 *

Annotations:
D:3 3 runed translucent doors, bisexualwizard's ghost, amateur MiGl
D:8 Gastronok


Innate Abilities, Weirdness & Mutations

You are immune to poison.
Your flesh is very heat resistant. (rF++)
You are vulnerable to cold. (rC-)
You float through the air rather than walking.
You learn spells naturally, not from books.
Your magical power is your life essence.
You have superior vitality. (+4 HP)


Message History

The vampire is covered in liquid flames!
* * * LOW HITPOINT WARNING * * *
The vampire burns!
You block the vampire's attack. The vampire misses you.
The vampire burns!
The vampire throws a stone.
You reflect the stone off an invisible shield around you!
The stone hits the vampire but does no damage.
The vampire throws a stone.
The stone hits you.
* * * LOW HITPOINT WARNING * * *
Casting: Sticky Flame (dangerous; 1% risk of failure)
Confirm with . or Enter, or press ? or * to list all spells.
Aiming: Fireball (dangerous; 1% risk of failure)
Press: ? - help, Shift-Dir - straight line, f/p - vampire
Aim: a vampire, wielding a staff of poison, wearing the ring of Trepidation {rF++ Int+6} and quivering stones (lightly damaged, covered in liquid flames)
The fireball explodes!
The fireball engulfs the vampire.
The vampire resists.
The vampire is lightly damaged.
* * * LOW HITPOINT WARNING * * *
The vampire stops burning.
As you read the scroll of fear, it crumbles to dust.
You assume a fearsome visage.
The vampire is unaffected.
Okay, then.
It was a potion of curing.
You feel better. The vampire closely misses you. x2
You feel better. You block the vampire's attack.
The vampire closely misses you.
Okay, then.
Casting: Fireball (dangerous; 1% risk of failure)
Confirm with . or Enter, or press ? or * to list all spells.
You blink.
The vampire throws a stone.
The stone barely misses you.
Casting: Blink (safe; 1% risk of failure)
Confirm with . or Enter, or press ? or * to list all spells.
Aiming: Fireball (dangerous; 1% risk of failure)
Press: ? - help, Shift-Dir - straight line, f - centaur warrior, p - vampire
Aim: a centaur warrior, wielding a +2 vorpal flail and quivering arrows The fireball explodes!
The fireball engulfs the centaur warrior!!
The centaur warrior is moderately wounded.
* * * LOW HITPOINT WARNING * * *
The centaur warrior unwields a +2 vorpal flail.
The centaur warrior wields a +0 shortbow.
The centaur warrior shoots an arrow.
The arrow hits you!!
You die...

##########.#.##
#......÷......#
#.########.#..# ####÷# #.# #
### #.##.# #.# ... #.##)#
#.# ... #.##)# #.# ≈≈..
#.##)########.# ≈≈...
#.##.).@..V§..#
≈≈...†####..c.........>...#
≈≈))))V..†............>..##
8..).##########............#
... ..(.........#.# ..#
###.##.#.#.#.#.#
#.#........# # #.#..#.#.#.#


You could see a centaur warrior and a vampire.

Vanquished Creatures
  Pikel (D:6)
  A manticore (D:8)
  Maggie (D:7)
  A komodo dragon (shapeshifter) (D:8)
  A komodo dragon (D:8)
  Sigmund (D:4)
  A yak (D:8)
  A steam dragon (D:8)
  2 water moccasins
  An ice beast (D:3)
  A sky beast (D:6)
  5 black bears
  3 orc warriors
  A hornet zombie (D:8)
  2 necrophages
  4 ogres
  4 centaurs
  A lemure (D:6)
  A phantom (D:6)
  2 kobold brigands
  Blork the orc (D:6)
  6 bullfrogs
  3 scorpions
  A water moccasin zombie (D:5)
  A wyvern zombie (D:5)
  A water moccasin skeleton (D:7)
  5 wights (D:8)
  2 killer bees
  A howler monkey (D:5)
  A jelly (D:7)
  Crazy Yiuf (D:4)
  A hound (D:6)
  3 orc priests
  2 centaur zombies
  A centaur skeleton (D:6)
  2 iguanas (D:6)
  6 orc wizards
  2 killer bee zombies
  A hound zombie (D:3)
  4 gnolls
  3 howler monkey skeletons
  5 adders
  A white imp (D:5)
  3 ufetubi (D:6)
  An adder zombie (D:3)
  A worm (D:2)
  3 dart slugs
  15 orcs
  10 endoplasms
  3 giant cockroaches
  11 hobgoblins
  12 jackals
  11 kobolds
  2 quokkas
  8 ball pythons
  6 bats
  5 frilled lizards
  5 goblins
  10 rats
195 creatures vanquished.

Vanquished Creatures (others)
  495 foxfires
  40 fungi (D:8)
  36 plants (D:8)
571 creatures vanquished.

Grand Total: 766 creatures vanquished

Notes
Turn   | Place    | Note
-------+----------+-------------------------------------------
     0 | D:1      | robertstho the Djinni Fire Elementalist began the quest for
                  | the Orb.
     0 | D:1      | Reached XP level 1. HP: 15/15 MP: 0/0
   327 | D:1      | Reached skill level 3 in Spellcasting
   385 | D:1      | Reached XP level 2. HP: 19/21 MP: 0/0
   617 | D:1      | Found a faded altar of an unknown god.
  1009 | D:1      | Reached XP level 3. HP: 23/25 MP: 0/0
  1009 | D:1      | Learned a level 1 spell: Beastly Appendage
  2197 | D:2      | Reached XP level 4. HP: 25/31 MP: 0/0
  2897 | D:2      | You are sucked into a shaft and drop 1 floor!
  3218 | D:3      | Reached skill level 4 in Spellcasting
  3399 | D:3      | Found a runed translucent gate.
  3399 | D:3      | Found a runed translucent gate.
  3399 | D:3      | Found a runed translucent gate.
  3399 | D:3      | Noticed bisexualwizard's ghost (amateur MiGl)
  3404 | D:3      | Found a basalt altar of Yredelemnul.
  3421 | D:3      | Reached XP level 5. HP: 23/35 MP: 0/0
  3421 | D:3      | Learned a level 2 spell: Blink
  3973 | D:3      | Noticed an ice beast
  3982 | D:3      | Killed an ice beast
  3983 | D:3      | Reached XP level 6. HP: 35/40 MP: 0/0
  4233 | D:3      | You are sucked into a shaft and drop 1 floor!
  4295 | D:4      | Reached skill level 5 in Spellcasting
  4601 | D:4      | Noticed Sigmund
  4615 | D:4      | Killed Sigmund
  4616 | D:4      | Reached XP level 7. HP: 29/45 MP: 0/0
  4616 | D:4      | Learned a level 2 spell: Wereblood
  5005 | D:4      | Found Coir Qya's General Store.
  5031 | D:4      | Bought a scroll of enchant armour for 82 gold pieces
  5031 | D:4      | Bought a scroll of fear for 38 gold pieces
  5214 | D:4      | Found a runed translucent door.
  5215 | D:4      | Noticed Crazy Yiuf
  5592 | D:4      | Killed Crazy Yiuf
  6076 | D:5      | Entered Level 5 of the Dungeon
  6104 | D:5      | Reached skill level 6 in Spellcasting
  6377 | D:5      | Found a staircase to the Ecumenical Temple.
  6420 | Temple   | Entered the Ecumenical Temple
  6468 | Temple   | Became a worshipper of Makhleb the Destroyer
  6743 | D:5      | Reached XP level 8. HP: 36/51 MP: 0/0
  6973 | D:5      | Reached skill level 7 in Spellcasting
  7000 | D:5      | Reached skill level 5 in Dodging
  7438 | D:6      | Reached skill level 1 in Fighting
  7440 | D:6      | Noticed Pikel
  7470 | D:6      | Found a glowing drain.
  7474 | Sewer    | Entered a sewer
  7680 | Sewer    | Reached * piety under Makhleb
  7706 | Sewer    | Found a white marble altar of Elyvilon.
  7772 | D:6      | Killed Pikel
  7773 | D:6      | Reached skill level 8 in Spellcasting
  7773 | D:6      | Reached XP level 9. HP: 26/57 MP: 0/0
  7773 | D:6      | Learned a level 3 spell: Spider Form
  8366 | D:6      | Noticed Blork the orc
  8377 | D:6      | Killed Blork the orc
  8624 | D:6      | Reached skill level 9 in Spellcasting
  8757 | D:6      | Identified the +1 dagger "Cumaxteb" {vorpal, *Slow rF+
                  | Dex+4}
  8849 | D:7      | Noticed Maggie
  8859 | D:7      | Reached skill level 1 in Shields
  8863 | D:7      | Killed Maggie
  8864 | D:7      | Reached skill level 5 in Stealth
  9419 | D:7      | Reached XP level 10. HP: 44/64 MP: 0/0
  9575 | D:7      | Reached ** piety under Makhleb
  9987 | D:8      | Found a staircase to the Lair.
 10313 | D:8      | Reached skill level 10 in Spellcasting
 10401 | D:8      | Noticed a two-headed ogre
 10405 | D:8      | Noticed Gastronok
 10573 | D:8      | Noticed a manticore
 10578 | D:8      | Killed a manticore
 10584 | D:8      | Noticed a centaur warrior
 10590 | D:8      | Noticed a brown ugly thing
 11045 | D:8      | Reached skill level 11 in Spellcasting
 11047 | D:8      | Identified the ring of Trepidation {rF++ Int+6}
 11108 | D:8      | Shot with an arrow by a centaur warrior

Illustrated notes

Levels and vault maps discovered:
D:1:      minmay_arrival_doors, layout_basic,
          hellmonk_ecumenical_altar_prayer_group
D:2:      layout_rooms, basic_altar, minmay_split_cup_large
D:3:      layout_basic, nicolae_yredelemnul_ghost_church, serial_bayou,
          serial_bayou_pond_d, serial_bayou_pond_b, serial_bayou_pond_b,
          serial_bayou_shore_a, minmay_stone_trees_large
D:4:      layout_basic, serial_shops, shop, uniq_crazy_yiuf_cottage,
          uniq_sigmund
D:5:      layout_basic, minmay_temple_entry_statues_fountains
D:6:      layout_loops_ring, gup_sewer_entry_bowl, uniq_blork_the_orc,
          uniq_pikel
D:7:      layout_rooms, led_sif_pool, kennysheep_crisscross,
          kennysheep_generic_room_11, uniq_maggie
D:8:      minmay_the_grid_octo_tiled_octocenter [minmay_the_grid_octo_toaster,
          minmay_the_grid_octo_fan_narrow, minmay_the_grid_octo_clover,
          minmay_the_grid_octo_teeth,
          minmay_the_grid_octo_prize_square_snowflake,
          minmay_the_grid_square_5x5_doubleslash,
          minmay_the_grid_square_5x5_gyroscope, minmay_the_grid_square_5x5_z,
          minmay_the_grid_square_5x5_bridge], layout_basic,
          due_lair_maze_entry_diamond, serial_glass, glass_columns_b,
          glass_columns_c, serial_park_tiny_pond, uniq_gastronok
Temple:   regret_index_temple_waves

Skill      XL: |  1  2  3  4  5  6  7  8  9 10 |
---------------+-------------------------------+-----
Spellcasting   | 3 4 5 6 8 9 11 | 11.1
Dodging        | 3 4 5 6 |  6.7
Stealth        | 2 3 4 5 6 |  6.4
Fighting       | 1 2 |  2.1
Shields        | 1 |  1.5
Polearms       | |  0.2

Action                   |  1- 3 |  4- 6 |  7- 9 | 10-12 || total
-------------------------+-------+-------+-------+-------++-------
Melee: Unarmed           |     2 |       |       |       ||     2
       Dagger            |     1 |       |     5 |       ||     6
       Whip              |       |       |     1 |     1 ||     2
       Halberd           |       |       |       |     3 ||     3
 Cast: Foxfire           |    72 |    96 |   130 |       ||   298
       Sticky Flame      |       |       |    16 |    12 ||    28
       Fireball          |       |       |    23 |    56 ||    79
       Blink             |       |       |       |     1 ||     1
  Use: Scroll            |       |     3 |     4 |     5 ||    12
       Potion            |       |       |     3 |     2 ||     5
 Stab: Sleeping          |       |       |     2 |       ||     2
       Distracted        |       |       |     1 |       ||     1
Armor: Robe              |     8 |    10 |    11 |       ||    29
       Steam dragon scal |       |       |       |     6 ||     6
Dodge: Dodged            |    32 |    35 |    49 |    29 ||   145
Block: Other             |       |       |     3 |     6 ||     9
       Reflection        |       |       |       |     1 ||     1

Table legend: (Time is in decaauts)
 A = Elapsed time spent in this place.
 B = Non-inter-level travel time spent in this place.
 C = Inter-level travel time spent in this place.
 D = Time resting spent in this place.
 E = Time spent auto-exploring this place.
 F = Levels seen in this place.
 G = Mean time per level.
                   A        B        C        D        E       F      G
               +--------+--------+--------+--------+--------+-----+--------+
         Total |  11111 |  10616 |    495 |   1834 |   7415 |  10 | 1111.1 |
       Dungeon |  10736 |  10281 |    455 |   1734 |   7268 |   8 | 1342.0 |
        Temple |     88 |     48 |     40 |      0 |     46 |   1 |   88.0 |
         Sewer |    286 |    286 |      0 |    100 |    101 |   1 |  286.0 |
               +--------+--------+--------+--------+--------+-----+--------+

Top non-repeatable levels by time:
     D:1: 2023 daAuts
     D:3: 1675 daAuts
     D:4: 1461 daAuts
     D:6: 1422 daAuts
     D:7: 1265 daAuts
     D:5: 1185 daAuts
     D:2: 918 daAuts
     D:8: 784 daAuts
   Sewer: 286 daAuts
  Temple: 88 daAuts
